 Dungeon Crawl Stone Soup version 0.25.0-10-g039870ee82 (webtiles) character file.

Game seed: 6971132398336966607

5757 nikku the Thaumaturge (level 10, -10/56 HPs)
             Began as a Deep Elf Conjurer on June 23, 2020.
             Was a Believer of Vehumet.
             Mangled by Snorg (15 damage)
             ... on level 10 of the Dungeon.
             The game lasted 00:31:58 (11340 turns).

nikku the Thaumaturge (Deep Elf Conjurer)          Turns: 11340, Time: 00:31:59

Health: -10/56     AC:  9    Str:  5    XL:     10   Next: 49%
Magic:  0/27       EV: 13    Int: 24    God:    Vehumet [**....]
Gold:   413        SH:  0    Dex: 21    Spells: 20/31 levels left

rFire    . . .     SeeInvis .   f - +3 halberd (vamp)
rCold    . . .     Gourm    .   (shield currently unavailable)
rNeg     . . .     Faith    .   a - +1 robe
rPois    .         Spirit   .   y - +1 hat
rElec    .         Reflect  .   s - +1 cloak
rCorr    .         Harm     .   p - +2 pair of gloves
MR       +....                  (no boots)
Stlth    ++........             x - amulet of regeneration
HPRegen  0.58/turn              A - +6 ring of dexterity
MPRegen  0.20/turn              (no ring)

@: no status effects
A: no striking features
a: Renounce Religion


You were on level 10 of the Dungeon.
You worshipped Vehumet.
Vehumet was pleased with you.
You were not hungry.

You visited 2 branches of the dungeon, and saw 11 of its levels.

You collected 413 gold pieces.

Inventory:

Hand Weapons
 f - a +3 vampiric halberd (weapon)
 u - a +2 vorpal spear
Missiles
 e - 6 javelins
 l - 3 atropa-tipped darts (quivered)
 o - 33 poisoned darts
Armour
 a - a +1 robe (worn)
 g - a +2 leather armour of poison resistance
 p - a +2 pair of gloves (worn)
 s - a +1 cloak (worn)
 y - a +1 hat (worn)
Jewellery
 x - an amulet of regeneration (around neck)
 A - a +6 ring of dexterity (left hand)
Wands
 q - a wand of clouds (3)
 v - a wand of flame (56)
 B - a wand of disintegration (17)
Scrolls
 h - a scroll of fog
 i - 7 scrolls of teleportation
 j - 6 scrolls of enchant armour
 m - 2 scrolls of remove curse
 r - a scroll of amnesia
 C - 2 scrolls of identify
Potions
 d - a potion of cancellation
 n - 2 potions of flight
 w - a potion of mutation {unknown}
 z - 2 potions of brilliance {unknown}
 D - a potion of haste {unknown}
Miscellaneous
 k - a phial of floods
Comestibles
 c - 19 rations
 t - 9 chunks of flesh


   Skills:
 + Level 4.0 Fighting
 - Level 2.4 Dodging
 - Level 2.4 Stealth
 + Level 11.4 Spellcasting
 + Level 10.4 Conjurations
 - Level 7.6 Hexes
 - Level 7.0 Translocations


You had 20 spell levels left.
You knew the following spells:

 Your Spells              Type           Power        Failure   Level  Hunger
a - Shock                 Conj/Air       ####         1%          1    None
b - Searing Ray           Conj           ######       1%          2    None
c - Fulminant Prism       Conj/Hex       ######....   1%          4    None
d - Iskenderun's Mystic   Conj/Tloc      ######..     1%          4    None

Your spell library contained the following spells:

 Spells                   Type           Power        Failure   Level  Hunger
 Conjure Flame            Conj/Fire      #####...     1%          3    None
 Magic Dart               Conj           ####         1%          1    None
 Confusing Touch          Hex            ######..     1%          3    None
 Dazzling Flash           Conj/Hex       ######       1%          3    None
 Gell's Gravitas          Tloc           #####.....   1%          3    None
 Metabolic Englaciation   Hex/Ice        ####......   26%         5    ####...
 Yara's Violent Unravell  Hex/Tmut       ####......   26%         5    ####...
 Petrify                  Tmut/Erth      ##......     41%         4    None


Dungeon Overview and Level Annotations

Branches:
Dungeon (10/15)            Temple (1/1) D:5            Lair (0/6) D:9
    Orc: D:9-12

Altars:
Ashenzari
Cheibriados
Dithmenos
Elyvilon
Fedhas
Gozag
Hepliaklqana
Kikubaaqudgha
Makhleb
Nemelex Xobeh
Okawaru
Qazlal
Ru
Sif Muna
Trog
Uskayaw
Vehumet
Wu Jian
Xom
Yredelemnul
Zin
The Shining One

Shops:
D:4 [   D:6 !===

Annotations:
D:10 Josephine, Snorg


Message History

Casting: Iskenderun's Mystic Blast (dangerous; 1% risk of failure)
Confirm with . or Enter, or press ? or * to list all spells.
You don't have enough magic to cast that spell.
You feel much better. Snorg bites you. Snorg claws you.
Snorg completely misses you. Snorg bites you!
* * * LOW HITPOINT WARNING * * *
Snorg misses you. Snorg claws you!
* * * LOW HITPOINT WARNING * * *
Snorg closely misses you. x2; Snorg misses you.
Casting: Iskenderun's Mystic Blast (dangerous; 1% risk of failure)
Confirm with . or Enter, or press ? or * to list all spells.
You erupt in a blast of force!
The mystic blast hits Snorg!
Snorg is almost dead.
Snorg is knocked back by the mystic blast.
You feel much better. Snorg bites you!!
* * * LOW HITPOINT WARNING * * *
Snorg closely misses you. Snorg barely misses you. Snorg misses you.
Snorg claws you!
You die...

#+## ##+###### .....
###.......#
......#######.........#
......')..............#
......#######..#####..#
..... #.T#?$?#..# ....
#.@#!?[#..# ...
#..#!)!#..+ ..
#..#####..# #
#.........# #..)......#
####÷######## ###
#.†...!....)# ####..
#...........# #.....
#...........###.##..


You could see Snorg (berserk).

Vanquished Creatures
  Pikel (D:5)
  Psyche (D:10)
  Sigmund (D:2)
  2 wraiths (D:10)
  Grum (D:10)
  A porcupine (D:9)
  A water moccasin (D:8)
  2 orc warriors
  A sky beast (D:6)
  4 slaves (D:5)
  A necrophage (D:10)
  An ice beast (D:5)
  4 ogres
  4 wolves (D:10)
  3 centaurs
  2 big kobolds (D:8)
  2 bullfrogs
  4 scorpions
  A water moccasin skeleton (D:8)
  17 killer bees
  6 howler monkeys
  2 crimson imps
  2 bullfrog zombies
  2 quasits
  2 hounds
  3 jellies
  An orc priest (D:10)
  11 orc wizards
  Jessica (D:2)
  2 iguanas
  7 worker ants
  A hound zombie (D:6)
  A hound skeleton (D:6)
  Robin (D:2)
  15 adders
  7 gnolls
  A river rat (D:5)
  3 shadow imps
  An ooze (D:4)
  3 adder skeletons
  2 dart slugs
  5 leopard geckos
  27 orcs
  7 bats
  7 giant cockroaches
  12 goblins
  13 hobgoblins
  13 jackals
  4 quokkas
  A ball python (D:4)
  4 frilled lizards
  A jackal skeleton (D:4)
  14 kobolds
  A leopard gecko zombie (D:8)
  A quokka skeleton (D:4)
  A quokka zombie (D:5)
  4 rats
  2 fungi (D:9)
245 creatures vanquished.

Vanquished Creatures (others)
  9 fulminant prisms
9 creatures vanquished.

Grand Total: 254 creatures vanquished

Notes
Turn   | Place    | Note
-------+----------+-------------------------------------------
     0 | D:1      | nikku the Deep Elf Conjurer began the quest for the Orb.
     0 | D:1      | Reached XP level 1. HP: 10/10 MP: 6/6
   174 | D:1      | Reached XP level 2. HP: 15/15 MP: 5/8
   379 | D:1      | Learned a level 2 spell: Searing Ray
   720 | D:1      | Reached skill level 4 in Spellcasting
   771 | D:1      | Reached XP level 3. HP: 14/19 MP: 0/10
   796 | D:1      | Reached skill level 5 in Conjurations
  1556 | D:2      | Noticed Robin
  1695 | D:3      | Reached XP level 4. HP: 15/24 MP: 6/12
  1783 | D:3      | Reached skill level 5 in Spellcasting
  1887 | D:3      | Reached XP level 5. HP: 28/28 MP: 8/14
  2051 | D:2      | Noticed Jessica
  2054 | D:2      | Killed Jessica
  2060 | D:2      | Learned a level 4 spell: Fulminant Prism
  2074 | D:2      | Learned a level 4 spell: Iskenderun's Mystic Blast
  2212 | D:2      | Killed Robin
  2320 | D:2      | Noticed Sigmund
  2329 | D:2      | Killed Sigmund
  2329 | D:2      | Reached skill level 6 in Spellcasting
  2329 | D:2      | Reached skill level 1 in Translocations
  2329 | D:2      | Reached XP level 6. HP: 28/32 MP: 7/17
  3481 | D:4      | Found Teosu's Antique Armour Emporium.
  3931 | D:5      | Entered Level 5 of the Dungeon
  3973 | D:5      | Reached XP level 7. HP: 36/36 MP: 10/18
  4196 | D:5      | Noticed Pikel
  4213 | D:5      | Killed Pikel
  4213 | D:5      | Reached skill level 7 in Spellcasting
  4213 | D:5      | Reached XP level 8. HP: 41/41 MP: 0/21
  4237 | D:5      | Reached skill level 5 in Hexes
  4508 | D:5      | Found an iron altar of Okawaru.
  4703 | D:5      | Reached skill level 8 in Spellcasting
  5007 | D:5      | Found a staircase to the Ecumenical Temple.
  5047 | Temple   | Entered the Ecumenical Temple
  5214 | Temple   | Became a worshipper of Vehumet
  5845 | D:5      | You fall into a shaft and drop 3 floors!
  5849 | D:8      | Reached skill level 5 in Translocations
  6105 | D:6      | Reached XP level 9. HP: 33/45 MP: 14/23
  6246 | D:5      | Reached * piety under Vehumet
  6246 | D:5      | Offered knowledge of Shock by Vehumet.
  6249 | D:5      | Learned a level 1 spell: Shock
  6460 | D:5      | Reached skill level 9 in Spellcasting
  6627 | D:6      | Found Kudoy's Distillery.
  6652 | D:6      | Found a sparkling altar of Nemelex Xobeh.
  6680 | D:6      | Found Hoforghio's Jewellery Shoppe.
  6682 | D:6      | Found Tos Lymp's Jewellery Emporium.
  6764 | D:6      | Found Umoigill's Jewellery Boutique.
  8372 | D:8      | Found a hazy altar of Hepliaklqana.
  8646 | D:8      | Reached skill level 1 in Fighting
  8926 | D:8      | Reached skill level 10 in Spellcasting
  9207 | D:8      | Offered knowledge of Foxfire by Vehumet.
  9297 | D:8      | Reached ** piety under Vehumet
  9654 | D:8      | Found an iron altar of Okawaru.
  9661 | D:8      | Found a snail-covered altar of Cheibriados.
  9662 | D:8      | Found a shadowy altar of Dithmenos.
  9662 | D:8      | Found a bloodstained altar of Trog.
 10057 | D:9      | Reached XP level 10. HP: 54/54 MP: 17/26
 10059 | D:9      | Found a staircase to the Lair.
 10767 | D:10     | Entered Level 10 of the Dungeon
 10831 | D:10     | Noticed Josephine
 10865 | D:10     | Reached skill level 10 in Conjurations
 11103 | D:10     | Noticed Grum
 11107 | D:10     | Reached skill level 11 in Spellcasting
 11113 | D:10     | Killed Grum
 11132 | D:10     | Offered knowledge of Conjure Flame by Vehumet.
 11317 | D:10     | Noticed Snorg
 11317 | D:10     | Noticed Psyche
 11326 | D:10     | Killed Psyche
 11335 | D:10     | HP: 1/56 [Snorg (7)]
 11340 | D:10     | Mangled by Snorg

Illustrated notes

Levels and vault maps discovered:
D:1:      dpeg_arrival_long_road, layout_basic
D:2:      layout_basic, minmay_misc_feat_x, hangedman_decor_points,
          uniq_sigmund, uniq_jessica, uniq_robin
D:3:      layout_rooms
D:4:      layout_basic, serial_shops, shop, first_ration
D:5:      layout_gridville, minmay_temple_entry_antechambers,
          gup_sewer_entry_bubbles, okawaru_gym_becter, uniq_pikel
D:6:      layout_rooms, lemuel_crystal_altar, serial_shops,
          nicolae_shop_waterfront, shop, shop, shop
D:7:      layout_layer_cave
D:8:      layout_loops_ring, minitemple, serial_co_window_serial,
          co_window_corner_a, co_window_paths_b, co_window_corner_a,
          co_window_paths_b, co_window_corner_a, co_window_broadway_a,
          co_window_of_opportunity_c, co_window_2corner,
          co_window_of_opportunity_b, co_window_paths_c, co_window_cross_2,
          co_window_unsneaky_path_b, co_window_4corner_b, glass_columns_a,
          glass_columns_b, blue_anna_alchemist [blue_anna_fruit_fields,
          blue_anna_fruit_fields]
D:9:      layout_long_grid, grunt_lair_entry_orc_guard_hut, serial_rivers,
          chequers_serial_rivers_micro_e, chequers_serial_rivers_micro_d,
          chequers_serial_rivers_micro_d, chequers_serial_rivers_micro_e,
          chequers_serial_rivers_micro_d
D:10:     layout_roguey, serial_glass, glass_columns_b, glass_columns_c,
          item_on_display_a, due_unseen_surprise, uniq_snorg, uniq_psyche,
          uniq_harold, uniq_grum, uniq_josephine
Temple:   regret_index_temple_sphere_string

Skill      XL: |  1  2  3  4  5  6  7  8  9 10 |
---------------+-------------------------------+-----
Spellcasting   | 4 5 6 7 8 10 11 | 11.4
Conjurations   | 5 6 7 8 9 10 | 10.4
Hexes          | 2 3 4 6 7 |  7.6
Translocations | 1 2 4 5 7 |  7.0
Fighting       | 2 4 |  4.0
Dodging        | |  2.4
Stealth        | |  2.4

Action                   |  1- 3 |  4- 6 |  7- 9 | 10-12 || total
-------------------------+-------+-------+-------+-------++-------
Melee: Whip              |       |       |    10 |       ||    10
       Spear             |       |       |     1 |       ||     1
       Halberd           |       |       |       |     2 ||     2
 Cast: Magic Dart        |    86 |    75 |    85 |       ||   246
       Searing Ray       |     2 |    14 |    46 |    13 ||    75
       Fulminant Prism   |       |       |     5 |     4 ||     9
       Shock             |       |       |   130 |    35 ||   165
       Iskenderun's Myst |       |       |       |    20 ||    20
  Use: Scroll            |     6 |     9 |    10 |     1 ||    26
       Potion            |       |       |     3 |     3 ||     6
  Eat: Chunk             |     2 |     7 |    10 |     3 ||    22
       Ration            |       |       |     3 |       ||     3
Armor: Robe              |     6 |     2 |    20 |     6 ||    34
Dodge: Dodged            |    39 |    10 |    63 |    25 ||   137
